 Dungeon Crawl Stone Soup version 0.24-a0-159-gf1ee1cdb4e (webtiles) character file.

Game seed: 16959511330979125291

82063 spacetime the Geomancer (level 15, -1/92 HPs)
             Began as a Gargoyle Earth Elementalist on Mar 5, 2019.
             Was a High Priest of Vehumet.
             Hit by a javelin of returning thrown by a merfolk javelineer (20 damage)
             ... on level 2 of the Shoals.
             The game lasted 01:27:17 (38397 turns).

spacetime the Geomancer (GrEE)                     Turns: 38397, Time: 01:27:17

Health: -1/92      AC: 27    Str: 16    XL:     15   Next: 72%
Magic:  19/28      EV: 15    Int: 25    God:    Vehumet [*****.]
Gold:   920        SH:  7    Dex: 10    Spells: 6/32 levels left

rFire    . . .     SeeInvis .   K - +5 mace (venom)
rCold    . . .     Gourm    .   C - +3 buckler
rNeg     + + .     Faith    .   Q - +2 robe {rN+}
rPois    ∞         Spirit   .   j - +2 hat {Int+3}
rElec    +         Reflect  .   N - +2 cloak
rCorr    .         Harm     .   q - +2 pair of gloves {archery}
MR       +....                  g - +1 pair of boots {Stlth+}
Stlth    ++........             (no amulet)
HPRegen  0.25/turn              S - ring "Yfi Ompe" {Wiz rElec}
MPRegen  0.21/turn              i - +4 ring of strength

@: flying, slowed, very slow
A: big wings, negative energy resistance 1, electricity resistance, unbreathing,
petrification resistance, rot immunity, AC +11
a: Stop Flying, Renounce Religion


You were on level 2 of the Shoals.
You worshipped Vehumet.
Vehumet was extremely pleased with you.
You were not hungry.

You visited 5 branches of the dungeon, and saw 22 of its levels.
You also visited: Ossuary.

You collected 2415 gold pieces.
You spent 1495 gold pieces at shops.

Inventory:

Hand Weapons
 r - a +4 whip
 K - a +5 mace of venom (weapon)
Missiles
 b - 239 stones (quivered)
Armour
 g - a +1 pair of boots of stealth (worn)
 j - a +2 hat of intelligence (worn)
 q - a +2 pair of gloves of archery (worn)
 C - a +3 buckler (worn)
 N - a +2 cloak (worn)
 Q - a +2 robe of positive energy (worn)
Magical Staves
 x - an uncursed staff of power
Jewellery
 i - a +4 ring of strength (right hand)
 S - the ring "Yfi Ompe" (left hand) {Wiz rElec}
   (You found it on level 8 of the Dungeon)

   [ring of wizardry]

   It improves your spell success rate.
   It insulates you from electricity.
Wands
 c - a wand of scattershot (6)
 s - a wand of flame (21)
 t - a wand of paralysis (5)
 L - a wand of acid (4)
 T - a wand of clouds (8)
 V - a wand of digging (5)
Scrolls
 e - a scroll of enchant armour
 h - 15 scrolls of teleportation
 o - 2 scrolls of identify
 p - a scroll of fog
 u - 2 scrolls of acquirement
 v - 5 scrolls of remove curse
 w - a scroll of summoning
 M - 5 scrolls of magic mapping
Potions
 a - 5 potions of lignification
 f - a potion of curing
 k - 2 potions of brilliance
 l - a potion of heal wounds
 m - 6 potions of magic
 n - a potion of invisibility
 z - 2 potions of haste
Comestibles
 d - 28 rations


   Skills:
 + Level 10.2 Fighting
 + Level 9.2(10.8) Maces & Flails
 + Level 9.0(10.6) Staves
 - Level 7.9 Armour
 + Level 8.0 Dodging
 - Level 2.1 Stealth
 - Level 4.2 Shields
 * Level 9.2 Spellcasting
 + Level 9.9 Conjurations
   Level 0.7 Transmutations
 + Level 6.3 Fire Magic
 + Level 11.5 Earth Magic
 + Level 8.1 Evocations


You had 6 spell levels left.
You knew the following spells:

 Your Spells              Type           Power        Failure   Level  Hunger
a - Sandblast             Erth           ######       1%          1    None
b - Stone Arrow           Conj/Erth      ######       1%          3    None
c - Lee's Rapid Deconstr  Erth           ######....   1%          5    ####...
e - Bolt of Magma         Conj/Fire/Erth ######....   1%          5    ####...
f - Sticky Flame          Conj/Fire      ######..     1%          4    #......
g - Fireball              Conj/Fire      ######....   1%          5    ####...
h - Conjure Flame         Conj/Fire      ######..     1%          3    None

Your spell library contained the following spells:

 Spells                   Type           Power        Failure   Level  Hunger
 Irradiate                Conj/Tmut      #####.....   1%          5    ####...
 Beastly Appendage        Tmut           ###...       1%          1    None
 Flame Tongue             Conj/Fire      #####        1%          1    None
 Shock                    Conj/Air       ####         1%          1    None
 Passwall                 Tmut/Erth      #####...     1%          2    None
 Throw Flame              Conj/Fire      ######       1%          2    None
 Dazzling Spray           Conj/Hex       #####.       1%          3    None
 Inner Flame              Hex/Fire       ####....     1%          3    None
 Static Discharge         Conj/Air       #####...     1%          3    None
 Leda's Liquefaction      Hex/Erth       #####.....   1%          4    #......
 Petrify                  Tmut/Erth      #####...     1%          4    #......
 Iron Shot                Conj/Erth      ######....   1%          6    ######.
 Animate Skeleton         Necr           N/A          2%          1    None
 Apportation              Tloc           ##....       2%          1    None
 Confusing Touch          Hex            ##....       2%          1    None
 Corona                   Hex            ##.....      2%          1    None
 Pain                     Necr           ##..         2%          1    None
 Summon Small Mammal      Summ           ##..         2%          1    None
 Sticks to Snakes         Tmut           ###.....     2%          2    None
 Lightning Bolt           Conj/Air       #####.....   2%          5    ####...
 Call Imp                 Summ           ##......     3%          2    None
 Ensorcelled Hibernation  Hex/Ice        ##....       3%          2    None
 Swiftness                Chrm/Air       ##......     3%          2    None
 Call Canine Familiar     Summ           ##......     6%          3    None
 Confuse                  Hex            ##......     6%          3    None
 Gell's Gravitas          Tloc           ##........   6%          3    None
 Regeneration             Chrm/Necr      ##........   6%          3    None
 Spider Form              Tmut/Pois      ##........   6%          3    None
 Summon Guardian Golem    Hex/Summ       ##......     6%          3    None
 Tukima's Dance           Hex            ##......     6%          3    None
 Vampiric Draining        Necr           ##........   6%          3    None
 Airstrike                Air            ##........   6%          4    #......
 Bolt of Cold             Conj/Ice       #####.....   12%         6    ######.
 Yara's Violent Unravell  Hex/Tmut       ##........   13%         5    ####...
 Ice Form                 Ice/Tmut       ##......     17%         4    #......
 Animate Dead             Necr           N/A          21%         4    #......
 Summon Ice Beast         Ice/Summ       ##......     21%         4    #......
 Summon Lightning Spire   Summ/Air       ##......     21%         4    #......
 Freezing Cloud           Conj/Ice/Air   ####......   22%         6    ######.
 Blade Hands              Tmut           ###.......   38%         5    ####...
 Metabolic Englaciation   Hex/Ice        ##........   50%         5    ####...
 Ozocubu's Refrigeration  Ice            ##........   56%         6    ######.
 Simulacrum               Ice/Necr       ##........   96%         6    ######.
 Shatter                  Erth           ######....   97%         9    #######
 Statue Form              Tmut/Erth      Unusable     N/A         6    N/A

Dungeon Overview and Level Annotations

Branches:
Dungeon (11/15)            Temple (1/1) D:6            Lair (6/6) D:9
 Shoals (2/4) Lair:2       Spider (0/4) Lair:3        Slime (0/5) Lair:6
    Orc (2/2) D:11            Elf (0/3) Orc:2

Altars:
Ashenzari
Cheibriados
Dithmenos
Elyvilon
Fedhas
Gozag
Hepliaklqana
Kikubaaqudgha
Makhleb
Nemelex Xobeh
Okawaru
Qazlal
Ru
Sif Muna
Trog
Uskayaw
Vehumet
Wu Jian
Xom
Yredelemnul
Zin
The Shining One
Beogh

Shops:
D:8 }   D:11 =   Orc:2 }[:

Annotations:
Shoals:2 Donald; Ilsuiw
Orc:1 3 runed translucent doors, Dolaam's ghost, journeyman HuGl; Morbidden's ghost, journeyman TrHu; haldagan's ghost, journeyman OpFi


Innate Abilities, Weirdness & Mutations

You are resistant to torment.
Your stone body is resilient. (AC +11)
You are immune to poison.
Your large and strong wings let you fly indefinitely.
You resist negative energy. (rN+)
You are resistant to electric shocks. (rElec)
You can survive without breathing.
You are immune to petrification.
You are immune to rotting.


Message History

Things that are here:
a +0 club; a +0 hunting sling; 22 stones The merfolk javelineer shouts!
Donald says, "What kind of god gives you spells but not spellbooks?"
Ilsuiw casts a spell.
Ilsuiw sings a water chant to call the tide!
The merfolk impaler misses you.
Ilsuiw casts a spell.
Ilsuiw blinks!
Donald hits you with a +4 broad axe of flaming!!
Donald burns you!
* * * LOW HITPOINT WARNING * * *
The merfolk javelineer throws a javelin of returning.
The javelin of returning misses you.
The weapon returns to the merfolk javelineer!
There is a stone staircase leading up here.
You see here 5 stones.
The merfolk javelineer throws a javelin of returning.
The javelin of returning hits you!!
You die...

≈.P≈≈PP≈≈≈≈≈≈ ≈
≈.≈≈≈PPPP≈≈≈≈ P≈
≈.≈≈P≈≈≈... ≈≈≈
P.≈≈≈≈≈.# P≈≈P
#()≈≈≈#
≈P...##.≈≈≈.#
≈≈≈≈≈≈≈≈m≈≈.#.##
≈≈≈≈≈≈≈mE@@...(#
.≈≈≈≈≈≈...((......
≈≈≈≈≈≈≈m##.(≈.....
≈≈≈≈≈≈E§##≈≈≈≈....
≈≈≈≈≈mm.##≈≈≈≈(...
≈≈≈≈≈mm..≈≈≈≈≈≈≈.#
≈≈≈≈≈≈.m.≈≈≈≈≈≈≈.#
≈≈≈≈≈≈<.E≈....≈.##


You could see Ilsuiw, Donald, a merfolk impaler, a merfolk javelineer, a merfolk
and 2 water elementals.

Vanquished Creatures
  Gastronok (Lair:3)
  An orc warlord (Orc:1)
  Nessos (Lair:5)
  3 fire dragons
  6 hydras
  Erolcha (Orc:1)
  Fannar (Lair:1)
  A yaktaur captain (D:9)
  A catoblepas (Lair:6)
  2 two-headed ogres (D:11)
  A merfolk aquamancer (Shoals:1)
  The ghost of haldagan the Slinger, a journeyman HaHu of Okawaru (D:9)
  6 death yaks (D:9)
  Urug (Orc:1)
  4 orc high priests
  4 sea snakes (Shoals:1)
  A fire crab (Lair:6)
  3 unseen horrors
  Pikel (D:5)
  5 harpies (Shoals:1)
  An orange crystal statue (D:10)
  A harpy (shapeshifter) (D:9)
  6 orc sorcerers
  5 orc knights
  3 fauns
  4 oklob plants
  An ugly thing (D:11)
  A manticore (Shoals:1)
  A merfolk siren (Shoals:2)
  Maurice (D:11)
  12 elephants
  7 black mambas
  A torpor snail (Lair:5)
  2 water nymphs (Shoals:1)
  2 molten gargoyles (Lair:6)
  A gargoyle (D:10)
  7 spiny frogs
  4 rime drakes
  5 komodo dragons
  A merfolk (Shoals:1)
  A troll (Orc:1)
  A queen bee (Lair:1)
  A jumping spider (Lair:3)
  Grinder (D:3)
  30 blink frogs
  12 hippogriffs
  A snapping turtle (Shoals:1)
  5 dream sheep (Lair:5)
  A redback (Lair:3)
  5 water elementals (Shoals:1)
  39 yaks
  Sigmund (D:5)
  3 wyverns
  4 basilisks
  3 steam dragons (Lair:6)
  2 hungry ghosts
  Edmund (D:5)
  A warg (Orc:1)
  4 hell hounds
  10 water moccasins
  A sky beast (D:9)
  3 black bears
  10 porcupines
  19 orc warriors
  2 phantoms
  2 ice beasts
  4 slaves (D:5)
  8 ogres
  6 wolves (Lair:1)
  4 centaurs
  4 crocodiles
  2 big kobolds
  19 bullfrogs
  2 gnoll sergeants (D:10)
  8 scorpions
  24 killer bees (Lair:1)
  4 wights (D:11)
  A howler monkey (D:9)
  2 crimson imps (D:6)
  A bullfrog zombie (D:5)
  5 lava snakes (Lair:6)
  A centaur zombie (D:9)
  2 human zombies (Ossuary)
  A bullfrog skeleton (D:8)
  3 centaur skeletons
  5 hounds
  12 jellies
  21 orc priests
  3 iguanas
  18 orc wizards
  Crazy Yiuf (D:5)
  15 hell rats
  Natasha (thrice) (D:4)
  14 worker ants
  A killer bee zombie (D:8)
  A hound zombie (D:6)
  3 mummies (Ossuary)
  Robin (D:2)
  12 gnolls
  A scorpion zombie (Ossuary)
  12 adders
  A howler monkey skeleton (D:5)
  8 river rats (Lair:2)
  4 shadow imps
  12 white imps (D:11)
  2 oozes
  5 worms
  4 adder skeletons
  5 dart slugs
  8 leopard geckos
  79 orcs
  2 ball pythons
  13 bats
  3 giant cockroaches
  A gnoll zombie (Ossuary)
  19 goblins
  14 hobgoblins
  11 jackals
  3 quokkas
  10 frilled lizards
  A giant cockroach zombie (D:5)
  A goblin zombie (Ossuary)
  5 hobgoblin zombies (Ossuary)
  21 kobolds
  3 kobold zombies (Ossuary)
  3 orc zombies (Ossuary)
  A quokka zombie (D:5)
  18 rats
  A spectral orc (D:4)
  A bush (Shoals:1)
  2 plants
759 creatures vanquished.

Vanquished Creatures (others)
  An unseen horror (D:9)
  3 bushes (Shoals:1)
  11 fungi
  7 plants
  4 withered plants (Orc:1)
26 creatures vanquished.

Grand Total: 785 creatures vanquished

Notes
Turn   | Place    | Note
-------+----------+-------------------------------------------
     0 | D:1      | spacetime the Gargoyle Earth Elementalist began the quest
                  | for the Orb.
     0 | D:1      | Reached XP level 1. HP: 10/10 MP: 3/3
   102 | D:1      | Reached XP level 2. HP: 6/16 MP: 3/5
   552 | D:1      | Reached skill level 1 in Fighting
   862 | D:1      | Reached XP level 3. HP: 9/20 MP: 4/6
   865 | D:1      | Reached skill level 1 in Armour
   980 | D:1      | Learned a level 3 spell: Stone Arrow
  1593 | D:2      | Reached skill level 1 in Maces & Flails
  1611 | D:2      | Found a snail-covered altar of Cheibriados.
  1960 | D:2      | Reached XP level 4. HP: 25/25 MP: 7/7
  1969 | D:2      | Reached skill level 4 in Earth Magic
  2381 | D:2      | Noticed an ogre
  2514 | D:2      | Reached skill level 1 in Conjurations
  2703 | D:2      | Reached XP level 5. HP: 28/30 MP: 8/8
  2710 | D:2      | Learned a level 5 spell: Lee's Rapid Deconstruction
  2801 | D:2      | Noticed Robin
  2836 | D:2      | Killed Robin
  3009 | D:2      | Found a faded altar of an unknown god.
  3308 | D:2      | Killed an ogre
  3308 | D:2      | Reached XP level 6. HP: 35/35 MP: 1/10
  3861 | D:3      | Noticed Grinder
  3869 | D:3      | Paralysed by Grinder for 3 turns
  3885 | D:3      | Paralysed by Grinder for 4 turns
  3902 | D:3      | Killed Grinder
  3902 | D:3      | Reached XP level 7. HP: 17/40 MP: 2/11
  4213 | D:3      | Reached skill level 1 in Staves
  4844 | D:4      | Reached skill level 5 in Earth Magic
  4939 | D:4      | Noticed Natasha
  4951 | D:4      | Killed Natasha
  5081 | D:4      | Found a basalt altar of Yredelemnul.
  5353 | D:4      | Noticed Natasha
  5358 | D:4      | Killed Natasha
  5358 | D:4      | Reached skill level 1 in Shields
  5611 | D:4      | Noticed Natasha
  5614 | D:4      | Killed Natasha
  5656 | D:5      | Entered Level 5 of the Dungeon
  5667 | D:5      | Reached XP level 8. HP: 41/46 MP: 9/13
  5675 | D:5      | Reached skill level 1 in Evocations
  5710 | D:5      | Noticed Pikel
  6060 | D:5      | Found a sand-covered staircase.
  6066 | Ossuary  | Entered an ossuary
  6747 | D:5      | Killed Pikel
  6747 | D:5      | Reached skill level 6 in Earth Magic
  6747 | D:5      | Reached XP level 9. HP: 43/52 MP: 1/15
  6807 | D:5      | Found a glowing golden altar of the Shining One.
  6831 | D:5      | Noticed Edmund
  6915 | D:5      | Killed Edmund
  7044 | D:5      | Found a radiant altar of Vehumet.
  7096 | D:5      | Became a worshipper of Vehumet
  7257 | D:5      | Noticed Sigmund
  7259 | D:5      | Killed Sigmund
  7680 | D:5      | Found a runed translucent door.
  7681 | D:5      | Noticed Crazy Yiuf
  7689 | D:5      | Killed Crazy Yiuf
  8097 | D:6      | Found a staircase to the Ecumenical Temple.
  8133 | Temple   | Entered the Ecumenical Temple
  9187 | D:6      | Reached XP level 10. HP: 58/58 MP: 16/16
  9293 | D:7      | Reached * piety under Vehumet
  9293 | D:7      | Offered knowledge of Freeze by Vehumet.
  9665 | D:7      | Reached skill level 5 in Fighting
  9665 | D:7      | Reached skill level 5 in Armour
 10488 | D:8      | Reached ** piety under Vehumet
 10493 | D:8      | Offered knowledge of Magic Dart by Vehumet.
 11208 | D:8      | Found a shimmering altar of Xom.
 11212 | D:8      | Found a bloodstained altar of Trog.
 11325 | D:8      | Got a shimmering lapis lazuli ring
 11357 | D:8      | Reached skill level 7 in Earth Magic
 11594 | D:8      | Reached skill level 5 in Conjurations
 11978 | D:8      | Reached skill level 5 in Spellcasting
 12078 | D:8      | Found Sobb's Gadget Boutique.
 12499 | D:9      | Reached skill level 5 in Maces & Flails
 12552 | D:9      | Offered knowledge of Throw Frost by Vehumet.
 12937 | D:9      | Noticed a death yak
 12945 | D:9      | Found a staircase to the Lair.
 12945 | D:9      | Noticed a death yak
 12951 | D:9      | Noticed a death yak
 12956 | D:9      | Noticed a death yak
 12957 | D:9      | Noticed a death yak
 12958 | D:9      | Killed a death yak
 12959 | D:9      | Noticed a death yak
 12964 | D:9      | Killed a death yak
 12964 | D:9      | Reached XP level 11. HP: 43/64 MP: 9/18
 12964 | D:9      | Killed a death yak
 12969 | D:9      | Killed a death yak
 12970 | D:9      | Killed a death yak
 12970 | D:9      | Reached skill level 5 in Staves
 12979 | D:9      | Killed a death yak
 12979 | D:9      | Reached *** piety under Vehumet
 13517 | D:9      | Found a runed translucent gate.
 13517 | D:9      | Found a runed translucent gate.
 13521 | D:9      | Noticed haldagan's ghost (journeyman HaHu)
 13522 | D:9      | Found a runed translucent gate.
 13522 | D:9      | Noticed a yaktaur captain
 13558 | D:9      | Reached skill level 5 in Dodging
 13965 | Lair:1   | Entered Level 1 of the Lair of Beasts
 14162 | Lair:1   | Noticed a six-headed hydra
 14692 | D:9      | Killed a six-headed hydra
 14692 | D:9      | Reached skill level 8 in Earth Magic
 15610 | Lair:1   | Offered knowledge of Ignite Poison by Vehumet.
 15713 | Lair:1   | Reached skill level 5 in Evocations
 15937 | Lair:1   | Reached XP level 12. HP: 71/71 MP: 21/21
 16573 | Lair:1   | Reached **** piety under Vehumet
 17485 | Lair:2   | Identified the ring "Yfi Ompe" {Wiz rElec} (You found it on
                  | level 8 of the Dungeon)
 17491 | Lair:2   | Learned a level 3 spell: Ignite Poison
 17572 | Lair:2   | Noticed Fannar
 17602 | Lair:2   | Offered knowledge of Iskenderun's Mystic Blast by Vehumet.
 18048 | Lair:2   | Noticed a seven-headed hydra
 18063 | Lair:2   | Killed a seven-headed hydra
 18063 | Lair:2   | Reached skill level 9 in Earth Magic
 18200 | Lair:2   | Reached skill level 1 in Fire Magic
 18324 | Lair:1   | Killed Fannar
 18564 | Lair:2   | You fall through a shaft for 2 floors!
 19237 | Lair:3   | Reached XP level 13. HP: 51/78 MP: 17/23
 19882 | Lair:3   | Found a hole to the Spider Nest.
 19961 | Lair:3   | Noticed Gastronok
 19979 | Lair:3   | Killed Gastronok
 22001 | Lair:4   | Reached ***** piety under Vehumet
 22661 | Lair:5   | Noticed Nessos
 22691 | Lair:5   | Killed Nessos
 22888 | Lair:5   | Reached skill level 10 in Earth Magic
 24168 | Lair:6   | Entered Level 6 of the Lair of Beasts
 24257 | Lair:5   | Offered knowledge of Bolt of Magma by Vehumet.
 24270 | Lair:5   | Learned a level 5 spell: Bolt of Magma
 24760 | Lair:6   | Gained mutation: Your large and strong wings let you fly
                  | indefinitely. [Gargoyle growth]
 24760 | Lair:6   | Reached XP level 14. HP: 77/84 MP: 25/25
 24830 | Lair:6   | Found a staircase to the Slime Pits.
 27862 | Lair:6   | Found a large runed translucent door.
 27862 | Lair:6   | Found a large runed translucent door.
 28818 | Lair:6   | Reached skill level 5 in Fire Magic
 29137 | Lair:2   | Identified a scroll of acquirement
 29569 | Lair:2   | Found a staircase to the Shoals.
 30271 | D:9      | Killed haldagan's ghost
 30442 | D:10     | Entered Level 10 of the Dungeon
 30670 | D:10     | Found a runed translucent door.
 30735 | D:10     | Found a runed translucent door.
 30764 | D:10     | Found a runed translucent door.
 30774 | D:10     | Found a runed translucent door.
 31464 | D:11     | Noticed Maurice
 31512 | D:11     | Killed Maurice
 31512 | D:11     | Offered knowledge of Iron Shot by Vehumet.
 31518 | D:11     | Learned a level 4 spell: Sticky Flame
 31524 | D:11     | Learned a level 5 spell: Fireball
 31528 | D:11     | Learned a level 3 spell: Conjure Flame
 31735 | D:11     | Reached skill level 11 in Earth Magic
 31833 | D:11     | Found a staircase to the Orcish Mines.
 32393 | D:11     | Found Cucko's Jewellery Boutique.
 32443 | Orc:1    | Entered Level 1 of the Orcish Mines
 32596 | Orc:1    | Noticed Urug
 32603 | Orc:1    | Killed Urug
 32603 | Orc:1    | Reached XP level 15. HP: 71/91 MP: 14/27
 32705 | Orc:1    | Found a runed translucent gate.
 32707 | Orc:1    | Found a runed translucent gate.
 32708 | Orc:1    | Found a runed translucent gate.
 32711 | Orc:1    | Noticed Erolcha
 32711 | Orc:1    | Noticed an orc warlord
 32713 | Orc:1    | Noticed Dolaam's ghost (journeyman HuGl)
 32713 | Orc:1    | Noticed Morbidden's ghost (journeyman TrHu)
 32714 | Orc:1    | Noticed haldagan's ghost (journeyman OpFi)
 32741 | Orc:1    | Killed Erolcha
 32757 | Orc:1    | Killed an orc warlord
 32924 | Orc:1    | Found a burning altar of Makhleb.
 33462 | Orc:2    | Entered Level 2 of the Orcish Mines
 33462 | Orc:2    | Found a roughly hewn altar of Beogh.
 33462 | Orc:2    | Found a staircase to the Elven Halls.
 34013 | Orc:2    | Offered knowledge of Irradiate by Vehumet.
 35200 | Orc:2    | Reached skill level 10 in Fighting
 35223 | Orc:2    | Found Teacopn's Book Shoppe.
 35223 | Orc:2    | Found Cigeel's Gadget Shoppe.
 35251 | Orc:2    | Found Pircheid's Armour Shop.
 35260 | Orc:2    | Found Vedigiff's Food Shop.
 35268 | Orc:2    | Bought a book of the Earth for 975 gold pieces
 35270 | Orc:2    | Bought a ration for 65 gold pieces
 35270 | Orc:2    | Bought a ration for 65 gold pieces
 35270 | Orc:2    | Bought a ration for 65 gold pieces
 35270 | Orc:2    | Bought a ration for 65 gold pieces
 35270 | Orc:2    | Bought a ration for 65 gold pieces
 35270 | Orc:2    | Bought a ration for 65 gold pieces
 35270 | Orc:2    | Bought a ration for 65 gold pieces
 35270 | Orc:2    | Bought a ration for 65 gold pieces
 35645 | Shoals:1 | Entered Level 1 of the Shoals
 37144 | Shoals:1 | HP: 2/92 [fire dragon/blast of flame (25)]
 38390 | Shoals:2 | Noticed Donald
 38391 | Shoals:2 | Noticed Ilsuiw
 38397 | Shoals:2 | Hit by a javelin of returning thrown by a merfolk
                  | javelineer

Levels and vault maps discovered:
D:1:      psy_arrival_radial01, layout_rooms, minmay_misc_feat_hallway
D:2:      wad_river_or_something, layout_rooms, cheibriados_altar_1,
          first_ration, chequers_ecumenical_altar_island, serial_bayou_lake_a,
          uniq_robin
D:3:      layout_basic, hangedman_decor_peaks_small, minmay_misc_feat_pillars,
          wad_floor_pattern_2, dk_noncrumbling_2, uniq_grinder
D:4:      layout_loops_ring, yredelemnul_forgotten_temple_becter,
          kennysheep_generic_room_5, uniq_natasha
D:5:      layout_basic, fiery_altar_vehumet, nicolae_ossuary_entry_plus,
          tso_metal_star, uniq_sigmund, uniq_edmund, uniq_crazy_yiuf_cottage,
          uniq_pikel
D:6:      layout_basic, minmay_temple_entry_wispy
D:7:      layout_cave_pods, grunt_ogre_cave, serial_bayou_pond_e, st_stairs_1,
          bh_walls_and_bars
D:8:      layout_layer_cave, trog_ov_bears_minmay, serial_shops,
          nicolae_shop_window_shopping, basic_altar, minmay_lizard_king
D:9:      layout_layer_cave, dpeg_lair_monsters, gammafunk_ghost_split
D:10:     layout_gridville, minmay_statue_crystal_thing
D:11:     layout_irregular_city, erik_orc_3, serial_shops, kennysheep_mini,
          portal_ice_cave_entry_imps, chequers_serial_rivers_micro_d,
          uniq_maurice
Temple:   eino_narrow_crystal_temple
Lair:1:   layout_gridlike, special_room [special_room_bee], grunt_megastairs_4
Lair:2:   layout_roguey, elwin_shoals_entry_rocks, kennysheep_abandoned_house,
          minmay_lair_oklob_chamber, uniq_fannar
Lair:3:   layout_regular_city, spider_nest_entry_a,
          eino_small_chamber_without_monster, infiniplex_staircase_pool,
          grunt_megastairs_5, uniq_gastronok
Lair:4:   layout_cave_pods
Lair:5:   layout_long_grid, uniq_nessos
Lair:6:   cheibrodos_lair_end_hotspot, layout_gridlike,
          minmay_slime_entry_jelly_boxes, serial_forest,
          infiniplex_forest_end_2, infiniplex_forest_clump_small,
          infiniplex_forest_end_1, infiniplex_forest_lined_4_way,
          infiniplex_forest_lined_room_3, infiniplex_forest_straight_3,
          infiniplex_forest_end_3, infiniplex_forest_lined_room_,
          infiniplex_forest_straight_4
Shoals:1: argonaut_golden_fleece, layout_shoals,
          nicolae_shoals_arrival_archipelago
Shoals:2: layout_shoals, nicolae_shoals_kraken_intersection, uniq_ilsuiw,
          uniq_donald
Orc:1:    layout_diamond_mine, gammafunk_ghost_cemetery, basic_altar,
          nicolae_orc_tapped_out, uniq_urug, uniq_erolcha
Orc:2:    st_orc_elflike, layout_caves, basic_altar, mines_bat_river
Ossuary:  ossuary_minmay_scorpions

Skill      XL: |  1  2  3  4  5  6  7  8  9 10 11 12 13 14 15 |
---------------+----------------------------------------------+-----
Fighting       | 1 2 3 4 5 6 7 8 9 10 | 10.2
Armour         | 1 2 3 4 5 6 7 |  7.9
Maces & Flails | 1 2 3 4 5 6 7 8 9 |  9.2
Earth Magic    | 4 5 6 7 8 9 10 11 | 11.5
Dodging        | 2 3 4 5 6 7 8 |  8.0
Conjurations   | 1 2 3 4 5 6 7 8 9 |  9.9
Spellcasting   | 3 4 5 6 7 8 9 |  9.2
Staves         | 1 2 3 4 5 6 7 8 9 |  9.0
Shields        | 1 2 3 4 |  4.2
Evocations     | 2 3 4 5 6 7 8 |  8.1
Fire Magic     | 2 4 5 6 |  6.3
Stealth        | |  2.1
Transmutations | |  0.7

Action                   |  1- 3 |  4- 6 |  7- 9 | 10-12 | 13-15 || total
-------------------------+-------+-------+-------+-------+-------++-------
Melee: Club              |   136 |       |       |       |       ||   136
       Unarmed           |     1 |       |       |       |       ||     1
       Whip              |    16 |   177 |   412 |       |       ||   605
       Staff             |       |    22 |     3 |       |       ||    25
       Mace              |       |       |   108 |   589 |  1060 ||  1757
 Cast: Sandblast         |    17 |    36 |    39 |    81 |    33 ||   206
       Stone Arrow       |     1 |    11 |     9 |   124 |   299 ||   444
       Lee's Rapid Decon |       |       |     7 |    26 |    30 ||    63
       Bolt of Magma     |       |       |       |       |    39 ||    39
       Ignite Poison     |       |       |       |       |     9 ||     9
       Fireball          |       |       |       |       |    20 ||    20
       Sticky Flame      |       |       |       |       |     5 ||     5
       Conjure Flame     |       |       |       |       |     1 ||     1
 Abil: Fly               |       |       |       |       |     1 ||     1
Evoke: Wand              |       |     4 |     2 |    17 |     7 ||    30
  Use: Scroll            |       |       |    19 |    17 |    16 ||    52
       Potion            |       |       |     1 |     3 |     9 ||    13
 Stab: Sleeping          |       |     3 |     7 |     2 |     2 ||    14
       Confused          |       |       |       |     1 |       ||     1
       Distracted        |       |       |       |       |     1 ||     1
  Eat: Chunk             |     4 |     7 |    16 |    24 |    49 ||   100
       Ration            |       |       |     2 |     5 |    10 ||    17
Armor: Robe              |    70 |    96 |   206 |   334 |   584 ||  1290
       Skin              |       |       |    18 |       |       ||    18
Dodge: Dodged            |   115 |   190 |   376 |   482 |   752 ||  1915
Block: Buckler           |       |       |       |   116 |   448 ||   564

Table legend:
 A = Non-vault XP
 B = Vault XP
 C = Vault XP percentage of total XP
 D = Non-vault monster count
 E = Vault monster count
 F = Vault count percentage of total count
                 A         B        C        D         E       F
            +---------+---------+-------+---------+---------+-------
      Total |   71035 |   46198 |  39.4 |     505 |     247 |  32.8
            +---------+---------+-------+---------+---------+-------
        D:1 |      45 |       0 |   0.0 |      26 |       0 |   0.0
        D:2 |     200 |      90 |  31.0 |      30 |      20 |  40.0
        D:3 |     210 |     281 |  57.2 |      33 |       1 |   2.9
        D:4 |     290 |      39 |  11.9 |      28 |       3 |   9.7
        D:5 |     815 |    1119 |  57.9 |      32 |       4 |  11.1
        D:6 |     983 |       0 |   0.0 |      18 |       0 |   0.0
        D:7 |     592 |     143 |  19.5 |      27 |       3 |  10.0
        D:8 |    1190 |     427 |  26.4 |      24 |      10 |  29.4
        D:9 |    4115 |    8066 |  66.2 |      37 |      16 |  30.2
       D:10 |    3123 |     632 |  16.8 |      28 |       1 |   3.4
       D:11 |    3664 |     871 |  19.2 |      15 |      27 |  64.3
     Lair:1 |    5039 |    3186 |  38.7 |      29 |      28 |  49.1
     Lair:2 |    4599 |    2837 |  38.2 |      18 |      26 |  59.1
     Lair:3 |    6387 |    3161 |  33.1 |      22 |       5 |  18.5
     Lair:4 |    6414 |       0 |   0.0 |      25 |       0 |   0.0
     Lair:5 |    7904 |    3171 |  28.6 |      34 |       6 |  15.0
     Lair:6 |    6962 |    9095 |  56.6 |      24 |      36 |  60.0
   Shoals:1 |   10388 |    2062 |  16.6 |      21 |       2 |   8.7
   Shoals:2 |    1591 |       0 |   0.0 |       3 |       0 |   0.0
      Orc:1 |    5392 |    3185 |  37.1 |      25 |       4 |  13.8
      Orc:2 |    1132 |    7213 |  86.4 |       6 |      29 |  82.9
    Ossuary |       0 |     620 | 100.0 |       0 |      26 | 100.0
            +---------+---------+-------+---------+---------+-------
